 Dungeon Crawl Stone Soup version 0.31-a0-1204-ge2c1a860ed (webtiles) character file.

Game seed: 10437544557579578501

194 ooooo the Conjurer (level 5, 0/34 HPs)
             Began as an Octopode Conjurer on Dec 12, 2023.
             Slain by an iguana (14 damage)
             ... on level 4 of the Dungeon.
             The game lasted 00:04:20 (3228 turns).

ooooo the Conjurer (Octopode Conjurer)              Turns: 3228, Time: 00:04:21

Health: 0/34       AC:  1    Str:  7    XL:     5   Next: 73%
Magic:  3/8        EV: 13    Int: 22    God:
Gold:   132        SH:  0    Dex: 10    Spells: 1/8 levels left

rFire   . . .        c - staff of poison
rCold   . . .        (no shield)
rNeg    . . .        (helmet restricted)
rPois   +            (no amulet)
rElec   .            (no ring)
rCorr   .            (no ring)
SInv    .            (no ring)
Will    .....        (no ring)
Stlth   +++          (no ring)
HPRegen 0.25/turn    (no ring)
MPRegen 0.11/turn    (no ring)
                     (no ring)

%: no passive effects
@: no status effects
A: almost no armour, amphibious, 8 rings, camouflage 1, gelatinous body 1,
(nimble swimmer 1), tentacles
a: no special abilities


You were on level 4 of the Dungeon.
You visited 1 branch of the dungeon, and saw 4 of its levels.

You collected 132 gold pieces.

Inventory:

Hand Weapons
 b - a +0 dagger
 i - a +2 dagger of pain
Magical Staves
 c - a staff of poison (weapon)
Scrolls
 g - a scroll of teleportation
 l - a scroll of noise {unknown}
 m - a scroll of amnesia {unknown}
Potions
 a - a potion of magic
 d - a potion of cancellation {unknown}
 e - 2 potions of haste
 f - a potion of might
 h - a potion of enlightenment {unknown}
 j - a potion of berserk rage {unknown}
 k - a potion of lignification
 n - 2 potions of curing


   Skills:
 + Level 2.1 Fighting
 + Level 3.1 Dodging
 + Level 4.3 Stealth
 + Level 2.1 Shields
 - Level 2.0 Spellcasting
 + Level 4.6 Conjurations


You had one spell level left.
You knew the following spells:

 Your Spells              Type           Power      Damage    Failure   Level
a - Searing Ray           Conj           44%        2d6       3%          2
b - Magic Dart            Conj           88%        1d7       1%          1
c - Fulminant Prism       Conj/Hex       6%         3d6       47%         4

Your spell library contained the following spells:

 Spells                   Type           Power      Damage    Failure   Level
 Dazzling Flash           Conj/Hex       24%        N/A       16%         3
 Cigotuvi's Dreadful Rot  Necr/Pois/Air  6%         N/A       21%         2
 Iskenderun's Mystic Bla  Conj/Tloc      12%        2d5       47%         4
 Dispel Undead            Necr           2%         3d7       80%         4
 Death Channel            Necr           1%         N/A       100%        6


Dungeon Overview and Level Annotations

Branches:
Dungeon (4/15) Zot: 20758
 Temple: D:4-7

Altars:

Annotations:
D:4 Robin


Innate Abilities, Weirdness & Mutations

You cannot wear most types of armour.
You are amphibious.
You can wear up to eight rings at the same time.
Your skin changes colour to match your surroundings (Stealth+).
Your rubbery body absorbs attacks. (AC +1, EV +1)
((You are camouflaged when in or above water. (Stealth+)))
You have tentacles for arms and can constrict up to eight enemies at once.


Message History

The searing ray hits the hobgoblin!
You kill the hobgoblin!
The searing ray hits the goblin!
You kill the goblin!
The searing ray hits Robin.
Robin is moderately wounded.
Robin shouts! (Press . to maintain the ray.)
A goblin comes into view. It is wielding a +0 dagger.
An endoplasm comes into view.
A goblin comes into view. It is wielding a +0 dagger.
Robin roars a battlecry!
The goblins go into a battle-frenzy!
The searing ray hits the iguana.
The iguana is moderately wounded.
The searing ray hits the goblin!
You kill the goblin!
The searing ray hits Robin.
Robin is heavily wounded.
A goblin comes into view. It is wielding a +0 dagger.
Robin throws the goblin at you! The goblin misses you.
The searing ray misses the iguana.
The searing ray hits the goblin!
You kill the goblin!
The searing ray hits the goblin!
You kill the goblin!
The searing ray hits Robin.
Robin is almost dead.
The iguana bites you! The goblin hits you with a +0 dagger.
The searing ray hits the iguana!
The iguana is almost dead.
The searing ray hits the goblin!
You kill the goblin!
The searing ray hits the hobgoblin!
You kill the hobgoblin!
You finish channelling your searing ray.
The goblin barely misses you.
The endoplasm jiggles.
A goblin comes into view. It is wielding a +0 dagger.
The iguana bites you!
You die...

#......# ##
##.##### # #......#
# #..###.# #
#..###.###
#........# #
#.###..#.#
.<#gg#####......#
....J)l@g.........
....g########.....#
..# ..#### ## #
#### # ##...##
.......


You could see an iguana, Robin, an endoplasm, a hobgoblin (strong) and 2
goblins.

Vanquished Creatures
  A hound (D:3)
  An orc wizard (D:3)
  4 adders
  A worm (D:2)
  3 dart slugs
  6 orcs
  9 endoplasms
  3 giant cockroaches
  13 goblins
  9 hobgoblins
  11 jackals
  A quokka (D:3)
  5 bats
  3 frilled lizards
  9 kobolds
  5 rats
84 creatures vanquished.

Notes
Turn   | Place    | Note
-------+----------+-------------------------------------------
     0 | D:1      | ooooo the Octopode Conjurer began the quest for the Orb.
     0 | D:1      | Reached XP level 1. HP: 11/11 MP: 3/3
   244 | D:1      | Reached XP level 2. HP: 16/18 MP: 5/5
   254 | D:1      | Learned a level 2 spell: Searing Ray
   515 | D:1      | Found a faded altar of an unknown god.
   625 | D:1      | Reached XP level 3. HP: 22/22 MP: 6/6
  1063 | D:2      | Reached skill level 1 in Shields
  1099 | D:2      | Reached skill level 1 in Fighting
  1480 | D:2      | Reached XP level 4. HP: 28/28 MP: 3/7
  2300 | D:3      | Reached XP level 5. HP: 29/34 MP: 2/8
  2482 | D:3      | Learned a level 4 spell: Fulminant Prism
  3222 | D:4      | Noticed Robin
  3228 | D:4      | Slain by an iguana

Illustrated notes

Levels and vault maps discovered:
D:1:      dpeg_arrival_round_b, layout_loops_ring, basic_ecumenical_altar,
          minmay_misc_feat_enclosed
D:2:      layout_basic
D:3:      layout_basic
D:4:      layout_loops_corners, kennysheep_generic_room_10, uniq_blork_the_orc,
          uniq_robin

Skill      XL: |  1  2  3  4  5 |
---------------+----------------+-----
Stealth        | 3 4 |  4.3
Shields        | 1 2 |  2.1
Fighting       | 1 2 |  2.1
Dodging        | 3 |  3.1
Spellcasting   | |  2.0
Conjurations   | |  4.6

Action                     |  1- 3 |  4- 6 || total
---------------------------+-------+-------++-------
  Melee: Dagger            |    42 |       ||    42
         Constrict         |    15 |     7 ||    22
         Tentacles         |    14 |     6 ||    20
         Punch             |     1 |       ||     1
         Staff             |    31 |    30 ||    61
   Cast: Magic Dart        |    15 |       ||    15
         Searing Ray       |     3 |    24 ||    27
    Use: Scroll            |       |     5 ||     5
   Stab: Sleeping          |     4 |     4 ||     8
 Armour: Skin              |    43 |    31 ||    74
  Dodge: Dodged            |    59 |    40 ||    99

Table legend: (Time is in decaauts)
 A = Elapsed time spent in this place.
 B = Non-inter-level travel time spent in this place.
 C = Inter-level travel time spent in this place.
 D = Time resting spent in this place.
 E = Time spent auto-exploring this place.
 F = Levels seen in this place.
 G = Mean time per level.
                   A        B        C        D        E       F      G
               +--------+--------+--------+--------+--------+-----+--------+
         Total |   3240 |   3168 |     72 |    165 |   2481 |   4 |  810.0 |
       Dungeon |   3240 |   3168 |     72 |    165 |   2481 |   4 |  810.0 |
               +--------+--------+--------+--------+--------+-----+--------+

Top non-repeatable levels by time:
     D:3: 1072 daAuts
     D:2: 1030 daAuts
     D:1: 940 daAuts
     D:4: 197 daAuts
